 Dungeon Crawl Stone Soup version 0.31.0-32-g396128a36d (webtiles) character file.

Game seed: 8613999288553730889

139 tizbic2 the Shooter (level 5, -1/39 HPs)
             Began as a Vampire Hunter on Apr 8, 2024.
             Was a Follower of Qazlal.
             Killed by nerve-wracking pain
             ... invoked by Grinder
              (3 damage)
             ... on level 3 of the Dungeon.
             The game lasted 00:07:37 (1441 turns).

tizbic2 the Shooter (Vampire Hunter)                Turns: 1441, Time: 00:07:37

Health: -1/39      AC:  3    Str: 10    XL:     5   Next: 1%
Magic:  5/5        EV: 12    Int: 12    God:    Qazlal [*.....]
Gold:   83         SH:  7    Dex: 19    Spells: 4/4 levels left

rFire   . . .        e - +1 short sword (venom)
rCold   . . .        (no shield)
rNeg    . . .        c - +0 leather armour
rPois   .            n - melded +0 helmet
rElec   .            l - melded +0 cloak
rCorr   .            (gloves currently unavailable)
SInv    +            (boots currently unavailable)
Will    .....        m - amulet of reflection
Stlth   ++           (no ring)
HPRegen 0.46/turn    (no ring)
MPRegen 0.09/turn

%: reflection
@: beast-form, healing quickly
A: beast (slay +0), alive, fangs 3, see invisible, vampiric 2
a: Exsanguinate, Begin Untransformation, Renounce Religion


You were on level 3 of the Dungeon.
You worshipped Qazlal.
Qazlal was aware of your devotion.
You were a hulking beast.
You visited 1 branch of the dungeon, and saw 3 of its levels.

You collected 83 gold pieces.

Inventory:

Hand Weapons
 a - a +0 shortbow
 e - a +1 short sword of venom (weapon)
 q - a +0 sling
Missiles
 w - 2 curare-tipped darts
Armour
 c - a +0 leather armour (worn)
 l - a +0 cloak (melded)
 n - a +0 helmet (melded)
Jewellery
 m - an amulet of reflection (around neck)
 v - a ring of fire
Talismans
 o - a storm talisman
 r - a blade talisman
 u - a beast talisman (active)
Scrolls
 b - a scroll of butterflies
 d - a scroll of enchant armour {unknown}
 f - a scroll of noise {unknown}
 h - 2 scrolls of fog {unknown}
 i - a scroll of enchant weapon {unknown}
 j - a scroll of teleportation {unknown}
 s - a scroll of poison {unknown}
 t - a scroll of revelation {unknown}
Potions
 g - a potion of mutation
 k - a potion of enlightenment
 p - 2 potions of curing


   Skills:
 + Level 2.7 Fighting
 * Level 4.2 Ranged Weapons
 - Level 2.1 Dodging
 - Level 3.3 Stealth
 * Level 1.5 Shapeshifting


You had 4 spell levels left.
You didn't know any spells.
Your spell library contained the following spells:

 Spells                   Type           Power      Damage    Failure   Level
 Sandblast                Erth           0%         2d4       41%         1
 Summon Small Mammal      Summ           0%         N/A       41%         1
 Call Canine Familiar     Summ           0%         N/A       80%         3
 Fugue of the Fallen      Necr           0%         N/A       80%         3
 Ozocubu's Armour         Ice            0%         N/A       80%         3
 Passwall                 Erth           0%         N/A       80%         3
 Stone Arrow              Conj/Erth      0%         3d7       80%         3
 Brom's Barrelling Bould  Conj/Erth      0%         2d3       99%         4
 Manifold Assault         Tloc           0%         N/A       99%         4
 Summon Blazeheart Golem  Fire/Summ      0%         N/A       99%         4


Dungeon Overview and Level Annotations

Branches:
Dungeon (3/15)

Altars:
Qazlal

Annotations:
D:3 Grinder


Innate Abilities, Weirdness & Mutations

You are a hulking beast.
Your limbs bulge with bestial killing power. (Slay +0)
Your natural rate of healing is accelerated.
You have razor-sharp teeth.
You have supernaturally acute eyesight. (SInv)
You are afflicted with vampirism and can become a bat while bloodless.


Message History

Grinder gestures at you. Pain shoots through your body!
* * * LOW HITPOINT WARNING * * *
Fire: a) +0 shortbow
Press: ? - help, Q - select action, (/) - cycle Shift-Dir - straight line, f/p - Grinder
Aim: Grinder (severely wounded, very poisoned, 62% to hit)
You shoot an arrow. The arrow barely misses Grinder.
Unknown command.
Fire: a) +0 shortbow
Press: ? - help, Q - select action, (/) - cycle Shift-Dir - straight line, f/p - Grinder
Aim: Grinder (almost dead, very poisoned, 62% to hit)
You shoot an arrow. The arrow hits Grinder.
Grinder is almost dead.
Unknown command.
Fire: a) +0 shortbow
Press: ? - help, Q - select action, (/) - cycle Shift-Dir - straight line, f/p - Grinder
Aim: Grinder (almost dead, very poisoned, 62% to hit)
You shoot an arrow.
The arrow hits Grinder but does no damage.
Grinder is almost dead.
Fire: a) +0 shortbow
Press: ? - help, Q - select action, (/) - cycle Shift-Dir - straight line, f/p - Grinder
Aim: Grinder (almost dead, very poisoned, 62% to hit)
You shoot an arrow. The arrow closely misses Grinder.
Grinder says, "What is the universe for?"
Grinder gestures at you.
You suddenly lose the ability to move!
Grinder hits you!
* * * LOW HITPOINT WARNING * * *
You writhe in agony.
* * * LOW HITPOINT WARNING * * *
You can move again.
Your +1 short sword of venom begins to drip with poison!
e - a +1 short sword of venom (weapon)
You closely miss Grinder.
Grinder is almost dead.
Grinder gestures at you. Pain shoots through your body!
You die...
Grinder sighs, "Dead already?
I want a refund."

.... .... #..## .... #..##
##..... ##...## .#.....
##.....##..... #.......#.).#
#.......#...#...
#......††.....#
##...5h###..###
#..............
######.......#..........#.#
#................##.......##
#...............##....##....
#...............##.##..#....
#...............##.#......#.
#..............#...#.# ...#.
#..........#.....#...###....


You could see Grinder (poisoned).

Vanquished Creatures
  A jelly (D:3)
  3 gnolls (D:2)
  2 adders
  A dart slug (D:1)
  3 ribbon worms (D:2)
  4 ball pythons
  5 bats
  2 endoplasms
  4 goblins
  7 hobgoblins
  4 jackals (D:2)
  4 quokkas
  3 frilled lizards
  4 kobolds
  6 rats
53 creatures vanquished.

Notes
Turn   | Place    | Note
-------+----------+-------------------------------------------
     0 | D:1      | tizbic2 the Vampire Hunter began the quest for the Orb.
     0 | D:1      | Reached XP level 1. HP: 16/16 MP: 1/1
   173 | D:1      | Reached XP level 2. HP: 22/22 MP: 2/2
   702 | D:2      | Gained mutation: You are afflicted with vampirism and can
                  | become a bat while bloodless. [Vampire growth]
   702 | D:2      | Reached XP level 3. HP: 21/27 MP: 3/3
  1109 | D:2      | Reached skill level 4 in Ranged Weapons
  1109 | D:2      | Reached XP level 4. HP: 34/34 MP: 4/4
  1257 | D:3      | Found a faded altar of an unknown god.
  1260 | D:3      | Prayed at the altar of an unknown god.
  1260 | D:3      | Became a worshipper of Qazlal Stormbringer
  1260 | D:3      | Reached * piety under Qazlal
  1312 | D:3      | Reached skill level 1 in Shapeshifting
  1409 | D:3      | Noticed Grinder
  1422 | D:3      | Reached XP level 5. HP: 31/39 MP: 5/5
  1438 | D:3      | Paralysed by Grinder for 2 turns
  1439 | D:3      | HP: 1/39 [Grinder (5)]
  1441 | D:3      | Killed from afar by Grinder

Illustrated notes

Levels and vault maps discovered:
D:1:      orjb1_lava_funnel, layout_loops_corners, minmay_crystal_room
D:2:      layout_loops_cross, minmay_tall_x
D:3:      layout_rooms, nicolae_ecumenical_pavilion, minmay_cupped,
          uniq_natasha, uniq_grinder, uniq_crazy_yiuf_cottage

Skill      XL: |  1  2  3  4 |
---------------+-------------+-----
Stealth        | 2 3 |  3.3
Fighting       | 2 |  2.7
Ranged Weapons | 4 |  4.2
Shapeshifting  | 1 |  1.5
Dodging        | |  2.1

Action                     |  1- 3 |  4- 6 || total
---------------------------+-------+-------++-------
  Melee: Short sword       |    37 |    30 ||    67
         Bite              |     5 |     5 ||    10
   Fire: Shortbow          |    65 |    32 ||    97
    Use: Scroll            |     1 |     2 ||     3
 Armour: Leather armour    |    15 |    21 ||    36
  Dodge: Dodged            |    34 |    18 ||    52
  Block: Other             |    10 |     8 ||    18
         Reflection        |       |     2 ||     2
   Form: Beast             |     1 |       ||     1
